cohdb
Replays
Latest Replays
All Replays
Popular Replays
Top Player Replays
Match Explorer
How It Works
Community
CoH3 Stats
Reddit
Sign in to upload your games and track your stats! →
Sign in with Steam
Match 33821519
Unlisted
Match 33821519
Overview
Messages
Build Orders
End
Construct Infanterie Kompanie
Grenadier Squad
Pioneer Squad
Grenadier Squad
MG 42 Machine Gun Team
Infanterie Officer Quarters
Grenadier Squad
Construct Panzergrenadier Kompanie
Medical Bunker
Panzergrenadier Squad
Pak 40 Anti-tank Gun Team
Panzergrenadier Squad
Support Elements
Selects Breakthrough Battlegroup
Selects Assault Grenadiers
Selects Breakthrough
Selects Incendiary Bombing Run
Selects 2.5-tonne Cargo Truck
Construct Panzer Kompanie
2.5-tonne Cargo Truck
Stoßtruppen Squad
Sturmpanzer IV Brummbär
Pioneer Squad
Pak 40 Anti-tank Gun Team
Goodvyn
せんごく なでこ
0
0
Comments
sign in to comment!
No comments posted yet!